 Dungeon Crawl Stone Soup version 0.32-a0-7-ge934b4519a (webtiles) character file.

Game seed: 3082323268237493142

513 Laraso the Carver (level 7, 57/57 HPs)
             Began as a Red Draconian Monk on Jan 13, 2024.
             Quit the game on level 4 of the Dungeon.
             The game lasted 00:06:27 (4027 turns).

Laraso the Carver (Red Draconian Monk)              Turns: 4027, Time: 00:06:27

Health: 57/57      AC:  9    Str: 13    XL:     7   Next: 0%
Magic:  7/7        EV: 13    Int: 10    God:
Gold:   82         SH:  0    Dex: 16    Spells: 6/6 levels left

rFire   + + +        a - +1 falchion
rCold   + . .        c - orb {light}
rNeg    . . .        (body armour unavailable)
rPois   .            n - +1 hat
rElec   .            w - +0 cloak
rCorr   +            (no gloves)
SInv    .            t - +0 pair of boots "Plog" {Rampage rF++ rC+ rCorr}
Will    .....        (no amulet)
Stlth   +            (no ring)
HPRegen 0.29/turn    (no ring)
MPRegen 0.10/turn

%: rampage
@: glowing
A: breathe fire, AC +6, unfitting armour, fire resistance 1, cold-blooded
a: Breathe Fire


You were on level 4 of the Dungeon.
You visited 1 branch of the dungeon, and saw 7 of its levels.

You collected 319 gold pieces.
You spent 237 gold pieces at shops.

Inventory:

Hand Weapons
 a - a +1 falchion (weapon)
Missiles
 x - a throwing net (quivered)
Armour
 c - an orb of light (worn)
 n - a +1 hat (worn)
 t - the +0 pair of boots "Plog" (worn) {Rampage rF++ rC+ rCorr}
   (You bought it in a shop on level 1 of the Dungeon)

   rF++:      It greatly protects you from fire.
   rC+:       It protects you from cold.
   rCorr:     It protects you from acid and corrosion.
   Rampage:   It bestows one free step when moving towards enemies.
 w - a +0 cloak (worn)
Jewellery
 i - an amulet of faith
Scrolls
 g - 2 scrolls of fog
 j - a scroll of revelation {unknown}
 k - a scroll of immolation {unknown}
 m - 4 scrolls of teleportation
 r - a scroll of torment {unknown}
 s - a scroll of amnesia {unknown}
 u - a scroll of enchant weapon
 v - a scroll of blinking {unknown}
Potions
 b - a potion of ambrosia
 d - a potion of brilliance {unknown}
 e - a potion of cancellation {unknown}
 f - 2 potions of attraction
 h - a potion of haste {unknown}
 l - 2 potions of heal wounds
 o - 2 potions of lignification {unknown}
 p - 3 potions of mutation
 q - a potion of might {unknown}


   Skills:
 - Level 3.2 Fighting
 * Level 8.0 Long Blades
 - Level 2.6 Dodging


You had 6 spell levels left.
You didn't know any spells.
Your spell library contained the following spells:

 Spells                   Type           Power      Damage    Failure   Level
 Dazzling Flash           Conj/Hex       0%         N/A       75%         3
 Gell's Gravitas          Tloc           0%         N/A       75%         3
 Teleport Other           Tloc           0%         N/A       75%         3
 Volatile Blastmotes      Fire/Tloc      0%         2d10      75%         3
 Dispersal                Tloc           0%         N/A       100%        6
 Starburst                Conj/Fire      0%         6d3       100%        6
 Maxwell's Capacitive Co  Air            0%         ∞         100%        8


Dungeon Overview and Level Annotations

Branches:
Dungeon (7/15)
 Temple: D:4-7

Altars:
Elyvilon
Fedhas
Nemelex Xobeh
Wu Jian
Xom

Shops:
D:1 ![(?   D:3 =


Innate Abilities, Weirdness & Mutations

You can breathe blasts of fire.
Your fiery red scales are hard. (AC +6)
You cannot fit into any form of body armour.
Your flesh is heat resistant. (rF+)
You are cold-blooded and may be slowed by cold attacks.


Message History

The sleepcap is lightly damaged.
You slash the sleepcap!
The sleepcap is heavily damaged.
The sleepcap barely misses you.
You hit the sleepcap but do no damage.
The sleepcap is heavily damaged.
The sleepcap closely misses you.
You hit the sleepcap.
The sleepcap is heavily damaged.
The sleepcap closely misses you.
You hit the sleepcap but do no damage.
The sleepcap is heavily damaged.
The sleepcap barely misses you.
You hit the sleepcap but do no damage. You tail-slap the sleepcap.
The sleepcap is heavily damaged.
The sleepcap misses you.
You hit the sleepcap but do no damage.
You tail-slap the sleepcap, but do no damage.
The sleepcap is heavily damaged.
The sleepcap releases spores at you.
You hit the sleepcap.
The sleepcap is severely damaged.
The sleepcap barely misses you.
You hit the sleepcap.
The sleepcap is severely damaged.
The sleepcap closely misses you.
You hit the sleepcap but do no damage.
The sleepcap is severely damaged.
The sleepcap closely misses you.
You hit the sleepcap.
The sleepcap is almost destroyed.
You hit the sleepcap.
You destroy the sleepcap!
Your Long Blades skill increases to level 8!
You have reached level 7!
Your scales start taking on a fiery red colour.
You learn Fire Magic much quicker.
You learn Ice Magic much slower.
You can breathe blasts of fire.
You feel resistant to heat.
Are you sure you want to abandon this character and quit the game? (Confirm with "yes".)

########## ####........# #######
#......####.# #.....#
#.##.#....#.# #.....####
#.##.#....#.#
####.......≈####....#....#.######
...........≈...≈≈.....>......†...
##.......≈≈~..≈~....#..###.######
#.....~≈....≈~.@...#..# #.#
#......≈≈#.#.......#..# #.#
#......#≈≈≈#.......#..# #.#
#......###≈≈≈......#..# #.#
####'### #.#....≈..#..##.......#
#.# #.##..≈≈#.............#
#####.# #.###.#≈#.............#
...##.# #.......'.......#######
......# ....#######.......#


There were no monsters in sight!

Vanquished Creatures
  A scorpion (D:6)
  A jelly (D:5)
  A hound (D:4)
  4 iguanas
  A sleepcap (D:4)
  An orc wizard (D:3)
  10 adders
  4 gnolls (D:4)
  A white imp (D:5)
  A ribbon worm (D:3)
  4 dart slugs
  4 orcs
  7 ball pythons
  A bat (D:1)
  12 endoplasms
  7 giant cockroaches
  5 goblins
  9 hobgoblins
  3 jackals (D:2)
  3 quokkas
  6 frilled lizards
  6 kobolds
  4 rats
96 creatures vanquished.

Notes
Turn   | Place    | Note
-------+----------+-------------------------------------------
     0 | D:1      | Laraso the Draconian Monk began the quest for the Orb.
     0 | D:1      | Reached XP level 1. HP: 19/19 MP: 1/1
     6 | D:1      | Found Votout's Antique Armour Boutique.
    63 | D:1      | Found Ycup's Distillery.
   310 | D:1      | Reached XP level 2. HP: 20/26 MP: 2/2
   429 | D:1      | Found Cikonwo's Antique Weapon Boutique.
   751 | D:1      | Reached skill level 4 in Long Blades
   753 | D:1      | Found Mozxurevud's Magic Scroll Shop.
   904 | D:1      | Found a faded altar of an unknown god.
  1017 | D:2      | Reached XP level 3. HP: 22/31 MP: 3/3
  1800 | D:3      | Reached XP level 4. HP: 38/38 MP: 4/4
  1805 | D:3      | Reached skill level 5 in Long Blades
  1848 | D:3      | Found Yproh's Jewellery Boutique.
  1920 | D:3      | Found a blossoming altar of Fedhas.
  1930 | D:3      | Found a white marble altar of Elyvilon.
  2334 | D:3      | Found an ornate altar of the Wu Jian Council.
  2341 | D:3      | Noticed a spectral centipede
  2341 | D:3      | Noticed a spectral black mamba
  2341 | D:3      | Noticed a spectral cane toad
  2541 | D:4      | Reached XP level 5. HP: 42/45 MP: 5/5
  2545 | D:4      | Reached skill level 6 in Long Blades
  2739 | D:1      | Bought a pair of slimy boots for 237 gold pieces
  2739 | D:1      | Identified the +0 pair of boots "Plog" {Rampage rF++ rC+
                  | rCorr} (You bought it in a shop on level 1 of the Dungeon)
  3417 | D:4      | Reached XP level 6. HP: 51/51 MP: 6/6
  3443 | D:4      | You fall into a shaft and drop 3 floors!
  3489 | D:6      | Reached skill level 7 in Long Blades
  3547 | D:5      | Entered Level 5 of the Dungeon
  3716 | D:4      | Found a sparkling altar of Nemelex Xobeh.
  3716 | D:4      | Found a shimmering altar of Xom.
  4027 | D:4      | Reached skill level 8 in Long Blades
  4027 | D:4      | Your scales start taking on a fiery red colour.
  4027 | D:4      | Reached XP level 7. HP: 57/57 MP: 7/7
  4027 | D:4      | Gained mutation: Your flesh is heat resistant. (rF+) [Red
                  | Draconian growth]
  4027 | D:4      | Quit the game

Illustrated notes

Levels and vault maps discovered:
D:1:      dpeg_arrival_shelter, layout_loops_corners,
          hellmonk_ecumenical_altar_zigzags, serial_shops,
          nicolae_shop_tiny_waterfront, shop, nicolae_shop_stone, shop,
          minmay_misc_feat_rows
D:2:      layout_basic, minmay_misc_feat_roman
D:3:      layout_loops_ring, pdpol_wu_jian_five_deadly_venoms,
          nicolae_overflow_squiral, serial_shops, shop_statue
D:4:      layout_basic, mainiacjoe_overflow_large_starburst,
          chequers_serial_rivers_small_b, minmay_bisected
D:5:      nicolae_cairo_tiling, layout_basic, nicolae_qazlal_scattered_showers,
          serial_aquarium, aquarium_bridge_straight [aquarium_subvault_bridge,
          aquarium_subvault_window, aquarium_subvault_bridge,
          aquarium_subvault_wall], aquarium_bridge_long_joined
          [aquarium_subvault_window, aquarium_subvault_wall,
          aquarium_subvault_window, aquarium_subvault_bridge,
          aquarium_subvault_wall, aquarium_subvault_bridge], aquarium_window_1,
          aquarium_window_fake, aquarium_view_2d, aquarium_balcony_3a,
          lemuel_flamethrower_2
D:6:      layout_loops_ring, okawaru_ov_weapons_minmay,
          minmay_temple_entry_offerings, serial_shops, nicolae_shop_statue_plus,
          shop, shop, nicolae_shop_real_fake_doors,
          nicolae_shop_advertising_works [nicolae_subvault_shop_adworks],
          uniq_prince_ribbit1, uniq_edmund
D:7:      layout_loops_ring, serial_rivers, chequers_serial_rivers_marsh,
          chequers_serial_rivers_marsh, chequers_serial_rivers_micro_c,
          chequers_serial_rivers_micro_d

Skill      XL: |  1  2  3  4  5  6 |
---------------+-------------------+-----
Long Blades    | 4 5 6 8 |  8.0
Fighting       | |  3.2
Dodging        | |  2.6

Action                     |  1- 3 |  4- 6 |  7- 9 || total
---------------------------+-------+-------+-------++-------
  Melee: Falchion          |   117 |   164 |       ||   281
         Tailslap          |     9 |    25 |       ||    34
    Use: Scroll            |       |     6 |       ||     6
 Armour: Skin              |    54 |    76 |       ||   130
  Dodge: Dodged            |    62 |    98 |       ||   160

Table legend: (Time is in decaauts)
 A = Elapsed time spent in this place.
 B = Non-inter-level travel time spent in this place.
 C = Inter-level travel time spent in this place.
 D = Time resting spent in this place.
 E = Time spent auto-exploring this place.
 F = Levels seen in this place.
 G = Mean time per level.
                   A        B        C        D        E       F      G
               +--------+--------+--------+--------+--------+-----+--------+
         Total |   4042 |   3702 |    340 |    363 |   2621 |   7 |  577.4 |
       Dungeon |   4042 |   3702 |    340 |    363 |   2621 |   7 |  577.4 |
               +--------+--------+--------+--------+--------+-----+--------+

Top non-repeatable levels by time:
     D:4: 1119 daAuts
     D:1: 1080 daAuts
     D:3: 883 daAuts
     D:2: 741 daAuts
     D:5: 113 daAuts
     D:6: 92 daAuts
     D:7: 10 daAuts
